 Dungeon Crawl Stone Soup version 0.25-a0-310-g60f0ac2d9a (webtiles) character file.

Game seed: 9800036775573272826, levelgen mode: classic

7576 Borgoz the Protected (level 11, -5/69 HPs)
             Began as a Gargoyle Fighter on Dec 23, 2019.
             Was a Believer of Ashenzari.
             Slain by a death yak (18 damage)
             ... on level 9 of the Dungeon.
             The game lasted 00:17:25 (11272 turns).

Borgoz the Protected (Gargoyle Fighter)            Turns: 11272, Time: 00:17:26

Health: -5/69      AC: 18    Str: 21    XL:     11   Next: 17%
Magic:  16/18      EV: 14    Int:  8    God:    Ashenzari [**....]
Gold:   293        SH:  0    Dex: 16    Spells: 15/19 levels left

rFire    . . .     SeeInvis .   a - +4 mace (curse)
rCold    . . .     Gourm    .   (no shield)
rNeg     + . .     Faith    .   l - +0 ring mail
rPois    ∞         Spirit   .   v - +0 helmet
rElec    +         Reflect  .   D - +1 cloak (curse)
rCorr    .         Harm     .   (no gloves)
MR       +....                  (no boots)
Stlth    ++........             s - amulet of the acrobat
HPRegen  0.21/turn              m - +4 ring of dexterity
MPRegen  0.16/turn              F - ring of protection from magic

@: confusing touch
A: negative energy resistance 1, electricity resistance, unbreathing,
petrification resistance, rot immunity, AC +8
a: Curse Item, Scrying, Renounce Religion


You were on level 9 of the Dungeon.
You worshipped Ashenzari.
Ashenzari was pleased with you.
You were hungry.

You visited 2 branches of the dungeon, and saw 11 of its levels.

You collected 361 gold pieces.
You spent 68 gold pieces at shops.

Inventory:

Hand Weapons
 a - a cursed +4 mace (weapon)
 b - a +0 flail of protection
 p - a +4 battleaxe
Armour
 c - a +0 shield
 e - a +4 chain mail of cold resistance
 l - a +0 ring mail (worn)
 v - a +0 helmet (worn)
 D - a cursed +1 cloak (worn)
Jewellery
 g - an uncursed ring of resist corrosion
 j - an uncursed ring of fire
 m - a +4 ring of dexterity (left hand)
 s - an amulet of the acrobat (around neck)
 w - an uncursed ring of protection from fire
 F - a ring of protection from magic (right hand)
Wands
 q - a wand of acid (3)
 E - a wand of paralysis (9)
 G - a wand of iceblast (5)
Scrolls
 d - 2 scrolls of amnesia {unknown}
 h - 3 scrolls of enchant weapon {unknown}
 k - 3 scrolls of teleportation {unknown}
 n - 3 scrolls of enchant armour {unknown}
 o - 2 scrolls of noise {unknown}
 t - 5 scrolls of remove curse
 x - 2 scrolls of blinking
 y - a scroll of fog {unknown}
 B - a scroll of fear {unknown}
 H - a scroll of random uselessness {unknown}
Potions
 i - a potion of mutation
 u - a potion of brilliance
 z - a potion of cancellation
 C - 3 potions of agility
Comestibles
 f - 24 rations


   Skills:
 * Level 8.7 Fighting
 * Level 8.1(10.4) Maces & Flails
 * Level 8.7 Armour
 * Level 4.5 Dodging
 - Level 4.2 Stealth
 - Level 3.2 Shields
 + Level 4.8 Spellcasting
 + Level 4.6 Hexes
 - Level 3.0 Evocations


You had 15 spell levels left.
You knew the following spells:

 Your Spells              Type           Power        Failure   Level  Hunger
a - Confusing Touch       Hex            #.....       6%          1    #......
b - Confuse               Hex            #.......     19%         3    ###....

Your spell library contained the following spells:

 Spells                   Type           Power        Failure   Level  Hunger
 Corona                   Hex            #......      6%          1    #......
 Tukima's Dance           Hex            #.......     19%         3    ###....
 Ensorcelled Hibernation  Hex/Ice        #.....       24%         2    ###....
 Animate Skeleton         Necr           N/A          38%         1    #......
 Apportation              Tloc           #.....       38%         1    #......
 Magic Dart               Conj           #...         38%         1    #......
 Summon Small Mammal      Summ           #...         38%         1    #......
 Dazzling Flash           Conj/Hex       #.....       43%         3    ###....
 Searing Ray              Conj           #.....       52%         2    ###....
 Fulminant Prism          Conj/Hex       #.........   83%         4    #####..
 Iskenderun's Mystic Bla  Conj/Tloc      #.......     99%         4    #####..


Dungeon Overview and Level Annotations

Branches:
Dungeon (10/15)            Temple (1/1) D:5            Lair (0/6) D:9
    Orc: D:9-12

Altars:
Ashenzari
Cheibriados
Dithmenos
Elyvilon
Fedhas
Gozag
Hepliaklqana
Kikubaaqudgha
Makhleb
Nemelex Xobeh
Okawaru
Qazlal
Ru
Sif Muna
Trog
Uskayaw
Vehumet
Wu Jian
Xom
Yredelemnul
Zin
The Shining One

Shops:
D:5 [%%*

Annotations:
D:10 Harold


Innate Abilities, Weirdness & Mutations

You are resistant to torment.
Your stone body is resilient. (AC +8)
You are immune to poison.
You resist negative energy. (rN+)
You are resistant to electric shocks. (rElec)
You can survive without breathing.
You are immune to petrification.
You are immune to rotting.


Message History

You hit the death yak.
The death yak is lightly wounded.
You sock the death yak!
The death yak is moderately wounded.
The death yak seems less confused.
The death yak gores you but does no damage.
Casting: Confusing Touch (safe; 6% risk of failure)
Confirm with . or Enter, or press ? or * to list all spells.
Your hands begin to glow red.
The death yak closely misses you.
You hit the death yak but do no damage.
The death yak appears confused.
The death yak is moderately wounded.
You hit the death yak.
The death yak is moderately wounded.
The death yak gores you.
* * * LOW HITPOINT WARNING * * *
Casting: Confusing Touch (safe; 6% risk of failure)
Confirm with . or Enter, or press ? or * to list all spells.
Your hands begin to glow red.
The death yak seems less confused.
The death yak gores you!!
You die...

....# #.....................#
....###..#..................#
, .........>................#
.............##########..####
.......#....# #...... ,
............# #......
..........Y.# #...... ,
...........Y###########......
,........#.##@................
....###.####.................
....##..####.................
.............................
.............................
#############................
, #................
###########...... , #......


You could see 2 death yaks.

Vanquished Creatures
  An orc knight (D:9)
  A hornet (D:8)
  A troll (D:10)
  A hippogriff (D:8)
  A spriggan (D:7)
  A wraith (D:9)
  A hungry ghost (D:8)
  Edmund (D:6)
  A porcupine (D:9)
  3 water moccasins
  3 ice beasts
  2 sky beasts
  7 centaurs
  2 necrophages
  4 orc warriors
  A phantom (D:7)
  5 ogres
  A big kobold (D:9)
  6 bullfrogs
  A gnoll sergeant (D:8)
  A wyvern skeleton (D:9)
  A troll zombie (D:9)
  7 killer bees (D:9)
  10 wights
  A howler monkey (D:9)
  A crimson imp (D:6)
  A quasit (D:8)
  A bullfrog zombie (D:6)
  2 human zombies (D:9)
  A gnoll shaman (D:6)
  4 bullfrog skeletons
  3 hounds
  4 jellies
  5 orc priests
  12 orc wizards
  A human skeleton (D:9)
  Jessica (D:3)
  4 centaur skeletons
  3 iguanas
  9 worker ants
  An ogre skeleton (D:9)
  2 hound skeletons
  A mummy (D:9)
  Robin (D:3)
  9 gnolls
  A howler monkey skeleton (D:5)
  A worker ant zombie (D:8)
  8 adders
  3 river rats (D:9)
  A shadow imp (D:8)
  2 worms (D:3)
  A dart slug (D:3)
  3 leopard geckos
  40 orcs
  7 bats
  4 giant cockroaches
  19 goblins
  8 hobgoblins
  18 jackals
  9 kobolds
  2 quokkas
  4 ball pythons
  4 frilled lizards
  A leopard gecko skeleton (D:4)
  3 orc zombies (D:9)
  4 rats
273 creatures vanquished.

Notes
Turn   | Place    | Note
-------+----------+-------------------------------------------
     0 | D:1      | Borgoz the Gargoyle Fighter began the quest for the Orb.
     0 | D:1      | Reached XP level 1. HP: 14/14 MP: 1/1
    52 | D:1      | Reached XP level 2. HP: 19/19 MP: 2/2
   517 | D:1      | Reached XP level 3. HP: 22/23 MP: 3/3
   734 | D:2      | Learned a level 1 spell: Confusing Touch
   772 | D:2      | Found a shattered altar of Ashenzari.
   834 | D:2      | Reached skill level 1 in Dodging
  1119 | D:2      | Reached XP level 4. HP: 25/29 MP: 4/4
  1415 | D:2      | Became a worshipper of Ashenzari the Shackled
  1800 | D:3      | Reached XP level 5. HP: 33/33 MP: 6/6
  1809 | D:3      | Reached skill level 1 in Hexes
  1821 | D:3      | Reached skill level 1 in Spellcasting
  1980 | D:3      | Noticed Jessica
  1998 | D:3      | Killed Jessica
  1999 | D:3      | Reached XP level 6. HP: 17/38 MP: 7/7
  2223 | D:3      | Noticed Robin
  2233 | D:3      | Killed Robin
  2797 | D:4      | Reached XP level 7. HP: 17/44 MP: 9/9
  3110 | D:4      | Found a hide-covered altar of Uskayaw.
  3559 | D:5      | Entered Level 5 of the Dungeon
  3603 | D:5      | Found Mira's Food Emporium.
  3694 | D:5      | Found Fuuc's Food Shoppe.
  3709 | D:5      | Found a staircase to the Ecumenical Temple.
  3721 | Temple   | Entered the Ecumenical Temple
  3980 | D:5      | Found Xobory's Assorted Antiques.
  4003 | D:5      | Reached skill level 1 in Stealth
  4114 | D:5      | Bought a scroll of identify for 34 gold pieces
  4114 | D:5      | Bought a scroll of identify for 34 gold pieces
  4206 | D:5      | Found a bloodstained altar of Trog.
  4206 | D:5      | Found a shadowy altar of Dithmenos.
  4206 | D:5      | Found an ornate altar of the Wu Jian Council.
  4207 | D:5      | Found a stormy altar of Qazlal.
  4207 | D:5      | Found an iron altar of Okawaru.
  4250 | D:5      | Found Kokapim's Armour Shop.
  4365 | D:5      | Reached skill level 5 in Fighting
  4365 | D:5      | Reached skill level 5 in Armour
  4365 | D:5      | Reached XP level 8. HP: 21/49 MP: 11/11
  4885 | D:6      | Reached skill level 5 in Maces & Flails
  4894 | D:6      | Reached skill level 1 in Evocations
  5391 | D:6      | Reached * piety under Ashenzari
  5713 | D:6      | Noticed Edmund
  5808 | D:6      | Killed Edmund
  5952 | D:6      | Reached XP level 9. HP: 44/55 MP: 13/13
  6413 | D:6      | Found a sparkling altar of Nemelex Xobeh.
  6881 | D:7      | Learned a level 3 spell: Confuse
  7102 | D:7      | Found a blossoming altar of Fedhas.
  7176 | D:7      | Found a shimmering altar of Xom.
  7226 | D:7      | Found a snail-covered altar of Cheibriados.
  7916 | D:8      | Noticed a hornet
  7934 | D:8      | Killed a hornet
  8174 | D:8      | Reached XP level 10. HP: 63/63 MP: 15/15
  9077 | D:8      | Found a shimmering blue altar of Sif Muna.
  9856 | D:9      | Found an ancient bone altar of Kikubaaqudgha.
  9989 | D:10     | Entered Level 10 of the Dungeon
 10279 | D:10     | Noticed an orc knight
 10279 | D:10     | Noticed a deep elf knight
 10279 | D:10     | Noticed a +7 Singing Sword {slice, sonic wave}
 10279 | D:10     | Noticed an orc knight
 10279 | D:10     | Noticed Harold
 10303 | D:9      | Killed an orc knight
 10303 | D:9      | Reached XP level 11. HP: 42/69 MP: 16/18
 10721 | D:9      | Noticed a death yak
 10721 | D:9      | Noticed a death yak
 10722 | D:9      | Noticed a death yak
 11153 | D:9      | Reached ** piety under Ashenzari
 11233 | D:9      | Found a staircase to the Lair.
 11272 | D:9      | Slain by a death yak

Levels and vault maps discovered:
D:1:      minmay_arrival_doors, layout_loops_ring
D:2:      layout_basic, nicolae_ashenzari_panopticon, minmay_tetromino_i2
D:3:      layout_basic, kennysheep_jessica_study, uniq_robin, uniq_jessica
D:4:      layout_rooms, eat_drink_and_be_merry_uskayaw, first_ration
D:5:      layout_loops_ring, grunt_temple_overflow_open,
          minmay_temple_entry_sparse_star, serial_shops,
          nicolae_shop_waterfront, shop, nicolae_shop_stone, nicolae_shop_trees,
          minivault_27
D:6:      layout_basic, nemelex_xobeh_ov_fountains_minmay,
          kennysheep_generic_room_7, uniq_edmund
D:7:      layout_loops_ring, xom_teletrap_fun, cheibriados_altar_1,
          fedhas_altar_2, the_bakery
D:8:      cheibrodos_barr_body, layout_basic, kennysheep_mini_moat,
          serial_corexii_hall, corexii_hall_statues_l, corexii_hall_statues_i,
          chequers_hall_statues_y, minmay_tree_intersection
D:9:      layout_irregular_city, lemuel_mausoleum_altar_kikubaaqudgha,
          dpeg_lair_monsters
D:10:     layout_roguey, orc_0_dummy, sword_in_stone
Temple:   jpeg_temple_island

Skill      XL: |  1  2  3  4  5  6  7  8  9 10 11 |
---------------+----------------------------------+-----
Dodging        | 1 2 3 4 |  4.5
Maces & Flails | 3 4 5 6 7 8 |  8.1
Fighting       | 4 5 6 7 8 |  8.7
Hexes          | 1 2 3 4 |  4.6
Spellcasting   | 1 2 3 4 |  4.8
Armour         | 4 5 7 8 |  8.7
Stealth        | 1 2 3 4 |  4.2
Evocations     | 1 2 3 |  3.0
Shields        | |  3.2

Action                   |  1- 3 |  4- 6 |  7- 9 | 10-12 || total
-------------------------+-------+-------+-------+-------++-------
Melee: Flail             |   140 |   248 |   345 |       ||   733
       Mace              |       |       |   172 |   480 ||   652
Throw: Throwing net      |       |       |       |     1 ||     1
 Cast: Confusing Touch   |       |       |       |     6 ||     6
Invok: Curse Item        |       |       |       |     2 ||     2
Evoke: Wand              |       |       |     2 |       ||     2
  Use: Potion            |       |     2 |    10 |     5 ||    17
       Scroll            |       |       |    11 |     2 ||    13
 Stab: Sleeping          |       |       |     3 |     6 ||     9
       Held in net/web   |       |       |       |     2 ||     2
       Confused          |       |       |       |     1 ||     1
  Eat: Chunk             |     1 |     6 |    17 |    13 ||    37
Armor: Scale mail        |    76 |       |       |       ||    76
       Ring mail         |    26 |   129 |   330 |   296 ||   781
Dodge: Dodged            |    47 |   110 |   387 |   402 ||   946
Block: Shield            |    89 |   112 |       |       ||   201

Table legend:
 A = Non-vault XP
 B = Vault XP
 C = Vault XP percentage of total XP
 D = Non-vault monster count
 E = Vault monster count
 F = Vault count percentage of total count
                 A         B        C        D         E       F
            +---------+---------+-------+---------+---------+-------
      Total |    7889 |    2934 |  27.1 |     228 |      45 |  16.5
            +---------+---------+-------+---------+---------+-------
        D:1 |      34 |       0 |   0.0 |      20 |       0 |   0.0
        D:2 |     110 |      14 |  11.3 |      27 |       1 |   3.6
        D:3 |     135 |      73 |  35.1 |      24 |      13 |  35.1
        D:4 |     425 |       0 |   0.0 |      29 |       0 |   0.0
        D:5 |     435 |       0 |   0.0 |      12 |       0 |   0.0
        D:6 |    1323 |     191 |  12.6 |      35 |       2 |   5.4
        D:7 |     680 |     224 |  24.8 |      10 |       1 |   9.1
        D:8 |    1907 |     988 |  34.1 |      30 |      10 |  25.0
        D:9 |    2008 |    1444 |  41.8 |      38 |      18 |  32.1
       D:10 |     832 |       0 |   0.0 |       3 |       0 |   0.0
            +---------+---------+-------+---------+---------+-------
